Map: Habitation Station LE (Void)

Players

Neuro - Winner!

  • Race: Zerg Zerg
  • League: Master
  • Spawn Location: 11:00

Burny

  • Race: Terran Terran
  • League: Master
  • Spawn Location: 1:00

VOD

Have the link to the VOD?

Description

Time

  • Played on: Dec. 15, 2016, 7:24 a.m.
  • Length: 12:39
Show
View Real Time Build Order
Export as new Build Order

Neuro Zerg - Winner!

Build Orders: Hatch First 

Get SALT Encoding   

  12  0:01  Drone  
  13  0:13  Overlord  
  13  0:18  Drone  
  14  0:31  Drone x2  
  14  0:35  Drone  
  17  0:52  Hatchery  
  17  0:56  Drone  
  17  0:59  Drone  
  18  1:09  Extractor  
  17  1:14  Spawning Pool  
  17  1:18  Drone  
  17  1:21  Drone  
  18  1:30  Drone  
  19  1:40  Overlord  
  19  1:52  Drone  
  20  2:01  Queen  
  20  2:02  Zergling x2  
  20  2:03  Queen  
  20  2:04  Zergling x2  
  26  2:12  Metabolic Boost  
  26  2:14  Drone  
  27  2:20  Drone  
  28  2:27  Drone x2  
  30  2:35  Drone  
  31  2:47  Drone x3  
  31  2:48  Hatchery  
  33  2:53  Queen  
  33  2:57  Overlord  
  34  3:06  Spore Crawler  
  34  3:11  Overlord x2  
  34  3:16  Drone x4  
  34  3:19  Drone  
  40  3:20  Drone  
  40  3:22  Drone  
  40  3:26  Drone x2  
  43  3:33  Queen  
  45  3:37  Drone x2  
  47  3:41  Extractor  
  47  3:46  Overlord  
  46  3:54  Drone x4  
  50  3:59  Drone  
  51  4:02  Queen  
  51  4:07  Drone x5  
  51  4:08  Queen  
  60  4:14  Evolution Chamber  
  60  4:15  Evolution Chamber  
  58  4:21  Overlord x2  
  58  4:26  Zergling x8  
  62  4:33  Zergling x8  
  66  4:42  Zergling x14  
  73  4:49  Zerg Ground Armor Level 1  
  73  4:51  Zerg Melee Weapons Level 1  
  73  5:01  Zergling x14  
  73  5:04  Baneling Nest  
  79  5:12  Overlord x2  
  79  5:13  Overlord  
  79  5:15  Queen  
  80  5:31  Zergling x18  
  80  5:34  Zergling x4  
  90  5:49  Baneling x5  
  89  5:50  Zergling x16, Baneling x6  
  89  5:56  Drone  
  89  5:57  Overlord  
  90  6:20  Zergling x18  
  90  6:24  Zergling x10  
  80  6:30  Lair  
  80  6:31  Drone  
  81  6:46  Drone x8  
  86  6:53  Extractor  
  84  6:57  Hatchery  
  83  7:02  Drone x3  
  83  7:06  Extractor  
  83  7:08  Drone  
  86  7:11  Extractor x2  
  86  7:12  Hatchery  
  83  7:26  Drone x10  
  93  7:30  Overseer, Zerg Ground Armor Level 2  
  93  7:31  Zerg Melee Weapons Level 2  
  93  7:38  Overseer, Spore Crawler  
  92  7:46  Zergling x10  
  92  7:47  Zergling x14  
  92  7:48  Centrifical Hooks  
  103  7:59  Queen  
  103  8:03  Baneling x7  
  103  8:04  Baneling  
  105  8:08  Queen  
  105  8:10  Zergling x4  
  105  8:11  Zergling x6  
  112  8:13  Overlord  
  112  8:14  Overlord x3  
  111  8:36  Drone x10  
  121  8:54  Spire  
  117  9:01  Extractor  
  115  9:03  Spine Crawler  
  115  9:04  Extractor, Spore Crawler  
  115  9:05  Baneling  
  115  9:06  Baneling x5  
  115  9:07  Drone x3  
  113  9:13  Infestation Pit  
  112  9:24  Zergling x48  
  132  9:31  Zergling x2  
  132  9:35  Baneling x9  
  114  9:46  Zergling x26  
  127  9:54  Zergling x10  
  132  10:02  Pneumatized Carapace  
  132  10:06  Zerg Flyer Weapons Level 1  
  132  10:07  Hive  
  132  10:13  Baneling  
  132  10:14  Baneling x4  
  130  10:18  Zergling x28  
  137  10:30  Overlord x4  
  133  10:39  Mutalisk x5  
  141  10:55  Zergling x16  
  141  10:56  Zergling x4, Baneling  
  141  10:57  Baneling x15  
  150  10:59  Baneling  
  150  11:00  Baneling x3  
  150  11:01  Zergling x6  
  146  11:14  Zergling x22  
  146  11:16  Mutalisk  
  132  11:26  Mutalisk x4  
  132  11:31  Overseer  
  139  11:40  Mutalisk x5  
  139  11:43  Mutalisk  
  141  12:11  Hatchery  
  137  12:16  Ultralisk Cavern  
Show
View Real Time Build Order
Export as new Build Order

Burny Terran 

Build Orders: Reaper Expand, MMM Bio 

Get SALT Encoding   

  12  0:01  SCV  
  13  0:13  SCV  
  14  0:18  Supply Depot  
  14  0:25  SCV  
  15  0:40  SCV  
  15  0:41  Barracks  
  16  0:44  Refinery  
  16  0:52  SCV  
  17  1:04  SCV  
  18  1:16  SCV  
  19  1:27  Reaper  
  19  1:28  Orbital Command  
  20  1:41  Command Center  
  20  1:51  Barracks  
  20  1:55  SCV  
  20  2:00  Barracks Reactor  
  21  2:04  Supply Depot  
  22  2:08  SCV  
  22  2:17  Refinery  
  22  2:20  SCV  
  23  2:32  SCV  
  23  2:35  Marine x2  
  26  2:42  Barracks Tech Lab  
  26  2:43  Factory  
  26  2:44  SCV  
  27  2:53  Marine  
  27  2:54  Orbital Command  
  27  2:56  SCV  
  27  2:57  Marine  
  30  3:09  Stimpack, SCV  
  30  3:16  Marine x2  
  32  3:20  SCV  
  32  3:21  SCV  
  32  3:22  Marine  
  35  3:31  Factory Reactor  
  35  3:32  Supply Depot  
  35  3:33  SCV  
  36  3:35  Starport  
  36  3:38  Marine x2  
  36  3:40  SCV  
  39  3:45  SCV  
  39  3:47  Marine  
  41  3:52  SCV  
  41  3:54  Supply Depot  
  42  3:56  Marine  
  42  3:57  SCV  
  42  4:01  Marine  
  45  4:04  SCV  
  45  4:08  Marine  
  45  4:09  SCV  
  48  4:11  Hellion  
  48  4:13  Hellion  
  48  4:14  Starport Reactor  
  48  4:16  SCV  
  53  4:18  Supply Depot  
  53  4:21  Marine, SCV  
  53  4:22  Marine  
  56  4:28  SCV  
  57  4:32  Hellion  
  57  4:33  SCV  
  57  4:35  Hellion  
  62  4:41  Supply Depot, SCV  
  62  4:42  Armory  
  63  4:48  Engineering Bay, Supply Depot, SCV  
  63  4:49  Marine  
  65  4:57  Medivac, Hellion  
  69  5:02  Medivac  
  69  5:04  SCV x2  
  73  5:10  Combat Shields, Refinery  
  73  5:11  Marine x3  
  78  5:14  Hellion  
  78  5:16  SCV  
  79  5:22  Hellion  
  79  5:24  SCV  
  79  5:27  Terran Infantry Weapons Level 1  
  82  5:29  Marine x2  
  82  5:31  Hellion x5  
  82  5:32  Medivac  
  86  6:01  Supply Depot  
  86  6:02  Supply Depot  
  86  6:05  Supply Depot  
  86  6:08  Command Center  
  86  6:09  Supply Depot  
  86  6:17  Marine  
  86  6:18  Marine  
  86  6:19  Marine  
  86  6:21  Medivac, Hellion x2  
  64  6:31  Medivac  
  60  6:33  SCV x2  
  60  6:35  Marine  
  60  6:36  Marine  
  60  6:37  Marine  
  64  6:42  Hellion  
  64  6:43  Hellion  
  64  6:45  SCV  
  69  6:47  SCV  
  69  6:48  Engineering Bay  
  69  6:51  Medivac  
  69  6:53  Marine x2  
  74  6:57  SCV  
  74  7:01  Barracks x2  
  75  7:08  SCV  
  76  7:10  Barracks  
  76  7:11  Factory Reactor, SCV  
  76  7:12  Barracks Reactor  
  76  7:15  Marine  
  78  7:18  Missile Turret  
  79  7:23  Medivac  
  79  7:24  Missile Turret, Hellion  
  79  7:25  SCV  
  79  7:29  Orbital Command  
  81  7:30  SCV  
  81  7:36  Marine x2  
  83  7:38  SCV  
  85  7:51  Marine  
  85  7:52  Barracks Reactor, Marine  
  85  7:54  Barracks Reactor  
  85  7:56  SCV x2  
  89  8:01  Terran Infantry Armor Level 1, Terran Infantry Weapons Level 2  
  89  8:03  Marine x2  
  91  8:08  SCV x2  
  91  8:09  Marine x2  
  91  8:10  Widow Mine x2  
  91  8:11  Orbital Command, Medivac  
  91  8:12  Medivac  
  103  8:17  Marine  
  104  8:20  SCV x2  
  104  8:21  Marine x2  
  108  8:27  Marine x2  
  108  8:29  Marine x2  
  112  8:37  Bunker  
  112  8:38  Widow Mine  
  114  8:41  Supply Depot, SCV  
  114  8:42  Marine  
  114  8:43  Supply Depot  
  114  8:46  Marine x3  
  114  8:48  Marine x2  
  119  8:50  Marine  
  119  8:54  Marine  
  119  8:55  Marine  
  124  8:57  Marine  
  124  9:01  SCV x3  
  128  9:07  Refinery  
  127  9:10  Marine x3  
  127  9:11  Marine  
  127  9:13  SCV  
  127  9:14  Widow Mine x2, SCV x2  
  127  9:16  Refinery  
  138  9:21  Marine  
  138  9:22  Marine x5  
  138  9:23  Liberator  
  144  9:28  Marine x4  
  148  9:39  Marine  
  148  9:43  Widow Mine, Unknown  
  148  9:44  Unknown x2, Marine x5  
  131  9:46  Marine x2  
  131  9:48  SCV  
  131  9:50  Command Center  
  134  10:04  Marine x4  
  134  10:05  Marine x4  
  134  10:07  Marine x2  
  132  10:22  Marine x3  
  132  10:23  Liberator x2  
  135  10:35  SCV x2  
  133  10:38  Widow Mine, Marine x2  
  133  10:39  Widow Mine  
  133  10:41  Marine  
  143  10:45  Marine  
  143  10:46  Marine x2  
  146  10:52  Marine  
  146  10:53  Marine  
  149  10:57  Marine  
  149  11:06  Liberator  
  149  11:08  Marine x7  
  149  11:10  Marine  
  143  11:15  Unknown  
  143  11:16  Unknown x3, Marine  
  143  11:17  Marine  
  103  11:25  Orbital Command  
  98  11:31  Marine, SCV  
  98  11:32  SCV  
  101  11:40  Marine x6  
  101  11:45  SCV  
  101  11:46  SCV  
  109  11:56  Bunker  
  104  12:02  Supply Depot  
  91  12:20  SCV x2  
Tags
 
Add a new tag
Caveats
  • Supply blocks, unpowered buildings, or Contaminate may cause inaccurate times.
  • Supply counts are checked every 10 seconds.